 Dungeon Crawl Stone Soup version 0.17.1-1-g73c8601 (webtiles) character file.

506 Jmtri7 the Prestidigitator (level 7, -1/48 HPs)
             Began as a Formicid Artificer on Dec 25, 2015.
             Shot with an arrow by a centaur (9 damage)
             ... led by a centaur warrior
             ... on level 15 of the Dungeon.
             The game lasted 00:06:17 (466 turns).

Jmtri7 the Prestidigitator (Formicid Artificer)      Turns: 466, Time: 00:06:17

Health: -1/48      AC:  3    Str: 18    XL:     7   Next: 41%
Magic:  13/13      EV: 11    Int: 11    God:
Gold:   43         SH:  0    Dex: 11    Spells: 0 memorised, 6 levels left

rFire  . . .     SeeInvis +     f - -3 trident (curse)
rCold  . . .     Clarity  .     b - +0 leather armour
rNeg   . . .     SustAt   .     (no shield)
rPois  .         Gourm    .     (helmet unavailable)
rElec  .         Spirit   .     (no cloak)
rCorr  .         Warding  .     (no gloves)
rMut   .         Stasis   +     (no boots)
MR     .....                    (no amulet)
Stlth  +.........               (no ring)
                                (no ring)

@: not resistant to hostile enchantments, very unstealthy
A: permanent stasis, dig shafts and tunnels, four strong arms, antennae 3
a: Dig, Shaft Self


You were on level 15 of the Dungeon.
You were not hungry.

You visited 1 branch of the dungeon, and saw 8 of its levels.

You collected 43 gold pieces.

Inventory:

Hand Weapons
 f - a cursed -3 trident (weapon)
Armour
 b - a +0 leather armour (worn)
Wands
 c - a wand of flame (11)
 d - a wand of enslavement (0)
 e - a wand of random effects (15)
Scrolls
 g - a scroll of blinking {unknown}
 h - a scroll of magic mapping {unknown}


   Skills:
 - Level 1.1 Fighting
   Level 1.0 Short Blades
 - Level 1.7 Dodging
 - Level 1.2 Stealth
 + Level 8.7 Evocations


You had 6 spell levels left.
You didn't know any spells.

Dungeon Overview and Level Annotations

Branches:
Dungeon (15/15)
 Temple: D:4-7         Lair: D:8-11         Orc: D:9-12      Vaults: D:13-14
 Depths: D:15

Altars:
Qazlal
Ru


Innate Abilities, Weirdness & Mutations

You are under a permanent stasis effect.
You can dig through walls and to a lower floor.
Your four strong arms can wield two-handed weapons with a shield.
You have a pair of large antennae on your head (SInv).


Message History

You see here an arrow.
The centaur shoots an arrow.
The arrow misses you.
You see here an arrow.
Found a leather armour.
Zapping:
d - a wand of enslavement (1)
Press: ? - help, Shift-Dir - straight line, f - centaur
Aim: a centaur, wielding an enchanted shortbow (chance to defeat MR: 64%)
The centaur is charmed.
This wand has 0 charges left.
Zapping:
c - a wand of flame (11)
Press: ? - help, Shift-Dir - straight line, f - you, p - centaur
Okay, then.
You swap places.
The centaur wields a shortbow.
The centaur shoots an arrow.
The arrow hits your centaur.
The centaur unwields an uncursed shortbow.
The centaur hits your centaur.
A wyvern comes into view.
The centaur wields an uncursed shortbow.
The centaur shoots an arrow.
The arrow closely misses your centaur. The arrow hits you!
You die...

.# .# .# .#
######## l#
......c## .#
####.#(##.#
#.({###c@.# c
#.#
#{##.#.######
{##.#
#(###.....[...
.##.# #(#
##########
o##.## #.#
.{{..# #.#
.##..# #(#
.##..####(#
.)...{(..(#


You could see a wyvern (wandering), a centaur and a friendly centaur.

Vanquished Creatures
  An orc (D:15)
1 creature vanquished.

Vanquished Creatures (collateral kills)
  An ugly thing (D:15)
  3 slime creatures (D:15)
4 creatures vanquished.

Vanquished Creatures (others)
  A centaur warrior (D:15)
  An ugly thing (D:15)
  3 slime creatures (D:15)
  A boggart (D:15)
  A centaur (D:15)
  A giant frog (D:15)
8 creatures vanquished.

Grand Total: 13 creatures vanquished

Notes
Turn   | Place    | Note
--------------------------------------------------------------
     0 | D:1      | Jmtri7 the Formicid Artificer began the quest for the Orb.
     0 | D:1      | Reached XP level 1. HP: 15/15 MP: 3/3
     3 | D:1      | You fall through a shaft!
     9 | D:2      | Noticed a water elemental
    12 | D:2      | Found a stormy altar of Qazlal.
    13 | D:2      | Noticed a fire elemental
    13 | D:2      | Noticed an air elemental
    13 | D:2      | Noticed an earth elemental
    36 | D:2      | You fall through a shaft for 2 floors!
    36 | D:4      | Noticed a hound
    39 | D:4      | You fall through a shaft!
    39 | D:5      | Entered Level 5 of the Dungeon
    42 | D:5      | You fall through a shaft for 2 floors!
    61 | D:7      | Found a sacrificial altar of Ru.
    82 | D:7      | You fall through a shaft for 3 floors!
    82 | D:10     | Entered Level 10 of the Dungeon
   105 | D:10     | Noticed a crimson imp
   141 | D:10     | You fall through a shaft for 3 floors!
   143 | D:13     | Noticed an orc warrior
   146 | D:13     | Noticed a worker ant
   149 | D:13     | Noticed a yak
   149 | D:13     | You fall through a shaft for 2 floors!
   149 | D:15     | Entered Level 15 of the Dungeon
   205 | D:15     | Noticed a centaur warrior
   214 | D:15     | Noticed a red ugly thing
   214 | D:15     | Noticed a red ugly thing
   224 | D:15     | Killed a red ugly thing
   224 | D:15     | Reached skill level 6 in Evocations
   224 | D:15     | Reached XP level 2. HP: 18/21 MP: 4/6
   224 | D:15     | Reached XP level 3. HP: 22/26 MP: 4/7
   224 | D:15     | Reached XP level 4. HP: 27/32 MP: 5/9
   224 | D:15     | Reached XP level 5. HP: 31/37 MP: 5/10
   224 | D:15     | Reached XP level 6. HP: 36/43 MP: 5/11
   236 | D:15     | Noticed a slime creature
   238 | D:15     | Noticed a boggart
   239 | D:15     | Noticed a slime creature
   242 | D:15     | Killed a slime creature
   242 | D:15     | Reached skill level 7 in Evocations
   243 | D:15     | Noticed a wyvern
   243 | D:15     | a red ugly thing (ally) was killed
   246 | D:15     | Noticed a gargoyle
   246 | D:15     | Killed a slime creature
   246 | D:15     | Reached skill level 8 in Evocations
   246 | D:15     | Reached XP level 7. HP: 37/48 MP: 7/13
   247 | D:15     | Noticed a slime creature
   248 | D:15     | a centaur warrior (ally) was killed
   249 | D:15     | Noticed a slime creature
   253 | D:15     | Noticed a slime creature
   254 | D:15     | Noticed a boggart
   255 | D:15     | Noticed a gargoyle
   260 | D:15     | a slime creature (ally) was killed
   263 | D:15     | Noticed a green ugly thing
   263 | D:15     | Noticed a green ugly thing
   263 | D:15     | Killed a boggart
   264 | D:15     | Noticed a green ugly thing
   265 | D:15     | Noticed a red ugly thing
   268 | D:15     | a slime creature (ally) was killed
   269 | D:15     | Killed a slime creature
   271 | D:15     | a slime creature (ally) was killed
   435 | D:15     | Noticed a centaur
   438 | D:15     | Noticed a centaur
   438 | D:15     | Noticed a centaur
   440 | D:15     | a centaur (ally) was killed
   443 | D:15     | Noticed a giant frog
   444 | D:15     | Noticed an orc wizard
   452 | D:15     | a giant frog (ally) was killed
   466 | D:15     | Noticed a wyvern
   466 | D:15     | Shot with an arrow by a centaur

Action                   |  1- 3 |  4- 6 |  7- 9 || total
-------------------------+-------+-------+-------++-------
 Abil: Shaft Self        |     7 |       |       ||     7
       Dig               |     2 |       |     2 ||     4
Evoke: Wand              |     3 |     1 |    15 ||    19
  Eat: Bread ration      |       |       |     1 ||     1
